 Dungeon Crawl Stone Soup version 0.29-a0-231-g945431f764 (webtiles) character file.

Game seed: 11277593614065310572

338 Ajdolov the Quickloader (level 6, -2/36 (37) HPs)
             Began as a Kobold Hunter on Feb 28, 2022.
             Slain by Crazy Yiuf
             ... wielding a +4 quarterstaff of chaos
              (3 damage)
             ... while paralysed by Crazy Yiuf
             ... on level 3 of the Dungeon.
             The game lasted 00:05:16 (2982 turns).

Ajdolov the Quickloader (Kobold Hunter)             Turns: 2982, Time: 00:05:16

HP:   -2/36 (37)    AC:  7    Str:  9    XL:     6   Next: 85%
MP:   6/6           EV:  3    Int: 13    God:
Gold: 108           SH:  0    Dex: 17    Spells: 5/5 levels left

rFire   . . .      SeeInvis .   a - +1 hand crossbow
rCold   . . .      Faith    .   (no shield)
rNeg    . . .      Spirit   .   m - +0 acid dragon scales
rPois   .          Reflect  .   (no helmet)
rElec   .          Harm     .   (no cloak)
rCorr   +          Rampage  .   c - +0 pair of gloves
Will    .....                   (no boots)
Stlth   +++.......              (no amulet)
HPRegen 0.12/turn               (no ring)
MPRegen 0.10/turn               (no ring)

@: paralysed, mighty, hasted, lightly drained
A: small, no large weapons, nightstalker 3
a: no special abilities


You were on level 3 of the Dungeon.
You visited 1 branch of the dungeon, and saw 3 of its levels.

You collected 108 gold pieces.

Inventory:

Hand Weapons
 a - a +1 hand crossbow (weapon)
 l - a +0 falchion
Armour
 c - a +0 pair of gloves (worn)
 m - +0 acid dragon scales (worn)
Scrolls
 e - a scroll of teleportation {unknown}
 g - 2 scrolls of identify {unknown}
 k - a scroll of vulnerability {unknown}
Potions
 d - 3 potions of curing {unknown}
 f - 3 potions of mutation {unknown}
 h - a potion of invisibility {unknown}
 i - a potion of attraction {unknown}
 j - a potion of might {unknown}


   Skills:
 + Level 3.0 Fighting
 * Level 9.7 Crossbows
 - Level 2.4 Dodging
 - Level 1.3 Stealth


You had 5 spell levels left.
You didn't know any spells.
Your spell library contained the following spells:

 Spells                   Type           Power      Damage    Failure   Level
 Sublimation of Blood     Necr           0%         N/A       61%         2
 Wereblood                Tmut           0%         N/A       61%         2
 Summon Hydra             Summ           0%         N/A       100%        7


Dungeon Overview and Level Annotations

Branches:
Dungeon (3/15)

Altars:
Qazlal

Shops:
D:1 (

Annotations:
D:3 1 runed translucent door, Crazy Yiuf; p0werm0de's ghost, amateur DjCK


Innate Abilities, Weirdness & Mutations

You are small and have problems with some larger weapons.
You are completely attuned to the shadows.


Message History

Found a mace.
You open the door.
Crazy Yiuf shouts!
You shoot a bolt. The bolt hits Crazy Yiuf.
Crazy Yiuf is moderately wounded.
You shoot a bolt. The bolt hits Crazy Yiuf!
Crazy Yiuf is severely wounded.
You shoot a bolt. The bolt closely misses Crazy Yiuf.
Crazy Yiuf hits you with a +4 quarterstaff of chaos!
You feel yourself speed up.
You shoot a bolt. The bolt closely misses Crazy Yiuf.
Crazy Yiuf barely misses you.
You shoot a bolt.
The bolt hits Crazy Yiuf but does no damage.
Crazy Yiuf is severely wounded.
You shoot a bolt.
The bolt hits Crazy Yiuf but does no damage.
Crazy Yiuf is severely wounded.
Crazy Yiuf closely misses you.
You shoot a bolt.
The bolt hits Crazy Yiuf but does no damage.
Crazy Yiuf is severely wounded.
Crazy Yiuf laughs, "Lugonu bag unthinkable!"
Crazy Yiuf closely misses you.
You shoot a bolt. The bolt barely misses Crazy Yiuf.
Crazy Yiuf hits you with a +4 quarterstaff of chaos!
You suddenly lose the ability to move!
Crazy Yiuf grits, "Citrus!"
Crazy Yiuf hits you with a +4 quarterstaff of chaos.
You feel drained.
Crazy Yiuf screams, "Castle snockshim broken!"
Crazy Yiuf hits you with a +4 quarterstaff of chaos.
* * * LOW HITPOINT WARNING * * *
Crazy Yiuf draws strength from your wounds!
Crazy Yiuf hits you with a +4 quarterstaff of chaos.
* * * LOW HITPOINT WARNING * * *
You feel very mighty all of a sudden.
Crazy Yiuf laughs, "Aardvark illywillydillykilly toodlewoodle!"
Crazy Yiuf hits you with a +4 quarterstaff of chaos.
You die...

#...†[....#
#..........#
#.........#
#..).......#
#.........#
#..........#
##.########
###........# #.#
#........#
#.####♣♣♣♣♣
#.......##
#..##...♣.♣♣♣ ##
#......##
##.......♣..♣#...
########
#......♣♣♣♣@g...
##.#..♣♣ ♣♣#..)
####♣♣ ##


You could see Crazy Yiuf.

Vanquished Creatures
  An ogre (D:3)
  Jessica (D:2)
  Terence (D:2)
  2 orc wizards (D:3)
  5 gnolls
  3 adders
  2 worms (D:2)
  A dart slug (D:2)
  An orc (D:3)
  6 bats
  7 endoplasms
  2 giant cockroaches
  6 hobgoblins
  4 jackals (D:1)
  6 kobolds
  A quokka (D:2)
  7 ball pythons
  4 frilled lizards
  8 goblins
68 creatures vanquished.

Vanquished Creatures (others)
  A fungus (D:2)
1 creature vanquished.

Grand Total: 69 creatures vanquished

Notes
Turn   | Place    | Note
-------+----------+-------------------------------------------
     0 | D:1      | Ajdolov the Kobold Hunter began the quest for the Orb.
     0 | D:1      | Reached XP level 1. HP: 12/12 MP: 1/1
    64 | D:1      | Reached skill level 6 in Crossbows
    64 | D:1      | Reached XP level 2. HP: 16/17 MP: 2/2
   114 | D:1      | Found Kotakiso's Antique Weapon Shoppe.
   225 | D:1      | Reached XP level 3. HP: 20/21 MP: 3/3
   675 | D:2      | Found a faded altar of an unknown god.
   759 | D:2      | Reached skill level 7 in Crossbows
   759 | D:2      | Reached XP level 4. HP: 18/26 MP: 4/4
   923 | D:2      | Noticed Jessica
   924 | D:2      | Killed Jessica
   945 | D:2      | Noticed Terence
   950 | D:2      | Killed Terence
   951 | D:2      | Reached XP level 5. HP: 26/30 MP: 5/5
  1007 | D:2      | Reached skill level 8 in Crossbows
  1597 | D:2      | Identified the +1 robe of Amorality {rCorr Str+8 Int+5
                  | Dex-2}
  2307 | D:3      | Found a runed translucent door.
  2307 | D:3      | Noticed p0werm0de's ghost (amateur DjCK)
  2317 | D:3      | Reached skill level 9 in Crossbows
  2317 | D:3      | Reached XP level 6. HP: 35/35 MP: 6/6
  2645 | D:3      | Found a stormy altar of Qazlal.
  2787 | D:3      | Noticed an ogre
  2830 | D:3      | Killed an ogre
  2966 | D:3      | Found a runed translucent door.
  2969 | D:3      | Noticed Crazy Yiuf
  2978 | D:3      | Paralysed by Crazy Yiuf for 6 turns
  2981 | D:3      | HP: 1/36 [Crazy Yiuf/+4 quarterstaff of chaos (5)]
  2982 | D:3      | Slain by Crazy Yiuf

Illustrated notes

Levels and vault maps discovered:
D:1:      lightli_arrival_statuegarden, layout_loops_ring, serial_shops, shop
D:2:      layout_basic, dreamdust_ecumenical_altar_grove,
          kennysheep_generic_room_7, uniq_terence, uniq_jessica
D:3:      layout_rooms, nicolae_overflow_hidden_temple,
          hellmonk_ghost_happy_afterlife, uniq_crazy_yiuf_cottage

Skill      XL: |  1  2  3  4  5  6 |
---------------+-------------------+-----
Crossbows      | 6 7 9 |  9.7
Fighting       | 3 |  3.0
Dodging        | |  2.4
Stealth        | |  1.3

Action                   |  1- 3 |  4- 6 || total
-------------------------+-------+-------++-------
 Fire: Hand crossbow     |    62 |   131 ||   193
Armor: Leather armour    |    13 |    13 ||    26
Dodge: Dodged            |    31 |    41 ||    72

Table legend: (Time is in decaauts)
 A = Elapsed time spent in this place.
 B = Non-inter-level travel time spent in this place.
 C = Inter-level travel time spent in this place.
 D = Time resting spent in this place.
 E = Time spent auto-exploring this place.
 F = Levels seen in this place.
 G = Mean time per level.
                   A        B        C        D        E       F      G
               +--------+--------+--------+--------+--------+-----+--------+
         Total |   3011 |   2942 |     69 |    286 |   2155 |   3 | 1003.7 |
       Dungeon |   3011 |   2942 |     69 |    286 |   2155 |   3 | 1003.7 |
               +--------+--------+--------+--------+--------+-----+--------+

Top non-repeatable levels by time:
     D:2: 1619 daAuts
     D:3: 707 daAuts
     D:1: 684 daAuts
